Map: Ulrena

Players

ILLBdA

  • Race: Zerg Zerg
  • League: Diamond

CGs - Winner!

  • Race: Zerg Zerg
  • League: Diamond

VOD

Have the link to the VOD?

Description

Time

  • Played on: Dec. 14, 2015, 8:06 a.m.
  • Length: 6:32
Show
View Real Time Build Order
Export as new Build Order

ILLBdA Zerg 

Build Orders: Pool First 

Get SALT Encoding   

  12  0:19  Spawning Pool  
  11  0:23  Drone  
  11  0:26  Drone  
  13  0:35  Overlord  
  13  0:40  Drone  
  14  0:47  Drone, Extractor  
  15  1:06  Zergling x2, Queen  
  15  1:10  Extractor  
  17  1:15  Zergling x2  
  18  1:20  Zergling x2  
  19  1:28  Overlord  
  19  1:39  Zergling x2  
  20  2:13  Metabolic Boost  
  20  2:18  Zergling x12  
  26  2:32  Overlord  
  26  2:49  Drone  
  26  2:50  Zergling x6  
  30  3:00  Overlord  
  30  3:11  Overlord  
  30  3:20  Zergling x6  
  33  3:35  Zergling x2  
  30  3:50  Drone x4  
  34  4:00  Extractor  
  33  4:05  Hatchery, Drone  
  33  4:09  Spine Crawler  
  32  4:11  Spine Crawler  
  31  4:19  Queen  
  19  4:46  Zergling x2  
  19  4:47  Zergling x8  
  23  4:58  Zergling x2  
  24  5:04  Drone  
  20  5:16  Drone  
  20  5:18  Drone  
  20  5:19  Queen  
  24  5:26  Lair  
  24  5:42  Drone x5  
  29  5:59  Drone x2  
  29  6:03  Spore Crawler  
  29  6:04  Drone x2  
  32  6:08  Drone x2  
  34  6:14  Drone  
  34  6:16  Drone  
  35  6:26  Spine Crawler  
  35  6:27  Spine Crawler  
Show
View Real Time Build Order
Export as new Build Order

CGs Zerg - Winner!

Build Orders: Pool First, Zergling Baneling 

Get SALT Encoding   

  12  0:01  Drone  
  13  0:09  Drone  
  14  0:17  Overlord  
  14  0:35  Drone x2  
  15  0:36  Drone  
  17  0:47  Drone  
  18  0:53  Spawning Pool  
  18  0:55  Extractor  
  16  1:01  Drone  
  17  1:07  Drone  
  18  1:19  Overlord  
  18  1:40  Zergling x4  
  18  1:41  Spine Crawler, Queen  
  21  1:51  Zergling x2  
  22  2:00  Metabolic Boost  
  22  2:07  Overlord  
  21  2:20  Baneling Nest, Zergling x2  
  21  2:25  Zergling x2  
  22  2:35  Zergling x2  
  23  2:45  Zergling x2  
  24  2:52  Zergling x2  
  24  2:53  Zergling x4  
  27  3:01  Zergling x2  
  27  3:04  Baneling  
  27  3:05  Baneling x4  
  28  3:13  Drone  
  28  3:18  Baneling  
  29  3:25  Overlord  
  29  3:26  Drone  
  30  3:32  Overlord  
  29  3:49  Drone x3  
  32  4:01  Drone  
  33  4:05  Hatchery  
  26  4:51  Zergling x12  
  29  4:53  Roach Warren  
  29  4:56  Baneling x2  
  28  5:03  Extractor  
  26  5:17  Drone  
  26  5:18  Drone x2  
  26  5:19  Queen  
  26  5:21  Lair  
  31  5:29  Drone  
  31  5:31  Drone  
  32  5:47  Drone  
  33  5:50  Roach  
  33  5:51  Roach x3  
  41  6:00  Drone  
  41  6:04  Drone  
Tags
 
Matchup
ZvZ
Race
Zerg
Replay Pack
me
Add a new tag
Caveats
  • Supply blocks, unpowered buildings, or Contaminate may cause inaccurate times.
  • Supply counts are checked every 10 seconds.